[Event "FIDE Open World Rapid 2024"]
[Site "New York"]
[Date "2024.12.27"]
[Round "8.9"]
[White "Sevian, Samuel"]
[Black "Firouzja, Alireza"]
[Result "1-0"]
[ECO "B90"]
[WhiteElo "2696"]
[BlackElo "2763"]
[Annotator "TA"]
[PlyCount "83"]
[EventDate "2024.12.14"]
[EventType "swiss"]
[EventCountry "USA"]
[SourceTitle "playchess.com"]
[Source "ChessBase"]
[SourceQuality "1"]
[TimeControl "900+10"]

1. e4 c5 2. Nf3 d6 3. d4 cxd4 4. Nxd4 Nf6 5. Nc3 a6 6. Be3 Ng4 7. Bc1 Nf6 8. f3 e5 9. Nb3 Be6 10. Be3 Be7 11. Qd2 h5 12. O-O-O Nbd7 13. Kb1 Rc8 14. g3 Qc7 15. Rg1 b5 16. Nd5 {[%emt 0:00:05] Against Nb6. White is slightly better.} Nxd5 17. exd5 Bf5 18. Bd3 Bxd3 19. Qxd3 Qc4 20. Qd2 Bd8 21. h3 f5 22. Rg2 O-O 23. Bg5 Nf6 24. a3 e4 25. Bxf6 Rxf6 26. Qe3 {[%emt 0:00:35] Against Bb6} Rb8 27. fxe4 (27. Nd2 Qxd5 28. fxe4 fxe4) 27... Bb6 {[%emt 0:00:13] [#]} (27... fxe4 $14 28. Re2 Rf3 29. Qxe4 Qxe4 30. Rxe4 Rxg3) 28. Qe1 $1 $16 {[%emt 0:00:02] Black must now prevent exf5.} (28. Nd4 Re8 29. b3 Bxd4 (29... Rxe4 $2 30. Qxe4 $18) 30. Qxd4 Qxd4 31. Rxd4 fxe4 $19 (31... Rxe4 32. Rd3 $15)) 28... Re8 ({Much worse is} 28... fxe4 29. Nd2 Qc7 30. Qxe4 (30. Nxe4 Rf5 $16)) 29. Nd2 Qc8 30. Re2 Re5 $2 {[%emt 0:00:25] [#] This move loses the game for Black.} (30... Rff8 $16 {might work better.}) 31. Nf3 $1 $18 Rxe4 32. Ng5 $1 Rxe2 33. Qxe2 Qd7 34. Qxh5 {[%emt 0:00:40] Black is weak on the light squares} Rh6 35. Qf3 Bd8 36. Ne6 Rf6 37. Re1 Qe8 38. Re2 Qd7 39. Qc3 Rf7 40. Qc6 {[%emt 0:00:22] Nxd8 would now be deadly.} Qxc6 (40... Bf6 {was necessary.} 41. Qxa6 Qa7 42. Qxb5 (42. Qxd6 b4 $18) 42... Kh7) 41. dxc6 Bb6 42. Nf4 {[%emt 0:00:02] Weighted Error Value: White=0.04 (flawless) /Black=0.23 (precise) .  Loses game:     	---       	Black=1      Mistake:       	---       	Black=2      Inaccurate:     	White=1     	Black=1      OK:         	White=14    	Black=12     Best:        	White=1     	---        Strong:       	White=3     	---} 1-0

[Event "FIDE Open World Rapid 2024"]
[Site "New York"]
[Date "2024.12.28"]
[Round "8.9"]
[White "Oparin, Grigoriy"]
[Black "Madaminov, Mukhiddin"]
[Result "1-0"]
[ECO "C42"]
[WhiteElo "2653"]
[BlackElo "2501"]
[Annotator "ChessBase"]
[PlyCount "107"]
[EventDate "2024.12.14"]
[EventType "swiss"]
[EventCountry "USA"]
[SourceTitle "playchess.com"]
[Source "ChessBase"]
[SourceQuality "1"]
[TimeControl "900+10"]

1. e4 e5 2. Nf3 Nf6 3. Nxe5 Nxe4 4. Qe2 Qe7 5. Qxe4 d6 6. d4 dxe5 7. dxe5 Nc6 8. Nc3 Qxe5 9. Qxe5+ Nxe5 10. Nb5 Bb4+ 11. Bd2 Bxd2+ 12. Kxd2 Kd8 13. Re1 Nd7 14. Bc4 Rf8 15. b3 a6 16. Nd4 c5 17. Nf5 Nb6 18. Bd3 c4 19. Be4 cxb3 20. axb3 Bxf5 21. Bxf5 g6 22. Bg4 f5 23. Bf3 Rf7 24. c4 Kc7 25. Kc3 Rd8 26. Re3 Nd7 27. Rhe1 Nf6 28. Re7+ Rd7 29. Rxf7 Rxf7 30. b4 Ng4 31. Bd5 Rd7 32. f3 Nf6 33. Kd4 Nxd5 34. cxd5 Kd8 35. Re6 Rc7 36. Rd6+ Kc8 37. Rf6 Rc2 38. Ke5 Kc7 39. Rf7+ Kb6 40. Rxh7 Rxg2 41. Ke6 Rf2 42. d6 Rxf3 43. Ke7 Rd3 44. Rh8 Re3+ 45. Kd8 Rd3 46. d7 Kc6 47. Rh7 Kb6 48. Ke8 a5 49. bxa5+ Kxa5 50. d8=Q+ Rxd8+ 51. Kxd8 b5 52. Rg7 b4 53. Rxg6 b3 54. Rg5 1-0

[Event "FIDE Open World Rapid 2024"]
[Site "New York"]
[Date "2024.12.27"]
[Round "8.10"]
[White "Shankland, Sam"]
[Black "Nakamura, Hikaru"]
[Result "0-1"]
[ECO "D02"]
[WhiteElo "2672"]
[BlackElo "2802"]
[Annotator "TA"]
[PlyCount "82"]
[EventDate "2024.12.14"]
[EventType "swiss"]
[EventCountry "USA"]
[SourceTitle "playchess.com"]
[Source "ChessBase"]
[SourceQuality "1"]
[TimeControl "900+10"]

1. Nf3 Nf6 2. g3 d5 3. Bg2 Nbd7 4. d4 Nb6 5. O-O Bf5 6. Ne5 c6 7. f3 h6 8. e4 Bh7 9. Be3 e6 10. c4 Nfd7 {[%emt 0:00:19] Hoping for ...Nxe5.} 11. cxd5 cxd5 12. Nc3 {[%emt 0:01:40] and exd5 should not be overlooked} Bb4 13. Rc1 O-O 14. Qb3 Bxc3 15. Rxc3 Nf6 16. Qc2 {[%emt 0:00:42] [#]} (16. exd5 $11 Nbxd5 (16... Nfxd5 17. Rc5 $15) 17. Rc4) 16... dxe4 $1 $17 17. fxe4 Nbd5 18. Qd3 Nxc3 19. bxc3 Rc8 20. Bd2 (20. c4 $17) 20... Nd7 $19 21. Nc4 $2 (21. Nxd7 {was worth a try.} Qxd7 22. g4) 21... Nc5 $19 22. Qe2 Nxe4 23. Bxe4 Bxe4 24. Ne5 f6 25. Ng4 Bf5 26. Ne3 Bg6 27. Qg4 Qe8 28. Re1 Kh7 29. c4 Qf7 30. a4 b6 31. a5 Bd3 32. axb6 axb6 33. d5 e5 34. Bb4 Rfd8 35. Qd1 Bg6 ({Stronger than} 35... Bxc4 36. Nxc4 Rxd5 (36... Qxd5 37. Qxd5 Rxd5 38. Nxb6 $16) 37. Qb1+ Kh8 38. Nd6 Rxd6 39. Bxd6 $11) 36. Qb3 f5 37. Ba3 Re8 38. Rf1 f4 39. d6 {[%emt 0:00:39] [#]} (39. Ng2 $142) 39... b5 $1 $19 40. Bc1 (40. Nd1 bxc4) 40... bxc4 41. Qb6 Qd7 0-1

[Event "FIDE Open World Rapid 2024"]
[Site "New York"]
[Date "2024.12.28"]
[Round "8.10"]
[White "Samadov, Read"]
[Black "Salem, A.R. Saleh"]
[Result "0-1"]
[ECO "A34"]
[WhiteElo "2501"]
[BlackElo "2622"]
[Annotator "ChessBase"]
[PlyCount "98"]
[EventDate "2024.12.14"]
[EventType "swiss"]
[EventCountry "USA"]
[SourceTitle "playchess.com"]
[Source "ChessBase"]
[SourceQuality "1"]
[TimeControl "900+10"]

1. Nf3 c5 2. c4 Nf6 3. Nc3 d5 4. cxd5 Nxd5 5. e4 Nb4 6. Bc4 Nd3+ 7. Ke2 Nf4+ 8. Kf1 Ne6 9. h4 Nc6 10. d3 h5 11. Ne2 g6 12. Be3 Bg7 13. Qd2 O-O 14. Rd1 Qb6 15. Nc3 Ned4 16. Nd5 Qd8 17. Nxd4 Nxd4 18. Bg5 Re8 19. a3 Be6 20. b4 Rc8 21. a4 Bxd5 22. Bxd5 cxb4 23. Qxb4 Qd7 24. Rh3 Rc2 25. Be3 a5 26. Qxa5 e6 27. Bc4 Rb2 28. Rg3 b6 29. Qa6 Qc6 30. Qa7 Bf6 31. Bxd4 Bxd4 32. Rf3 Rf8 33. Re1 Qd6 34. e5 Bxe5 35. Qb7 Bc3 36. Rd1 Qh2 37. Rh3 Qf4 38. Qf3 Qe5 39. Qe3 Qd4 40. Bb5 Rd8 41. Kg1 Qg4 42. Rf1 Bd4 43. Qc1 Rd5 44. Rf3 Rf5 45. Rxf5 Qxf5 46. Qe1 Qf4 47. Bd7 Qxh4 48. Bc6 g5 49. Be4 g4 0-1

[Event "FIDE Open World Rapid 2024"]
[Site "New York"]
[Date "2024.12.27"]
[Round "8.11"]
[White "Abdusattorov, Nodirbek"]
[Black "Pichot, Alan"]
[Result "1-0"]
[ECO "C50"]
[WhiteElo "2777"]
[BlackElo "2637"]
[Annotator "TA"]
[PlyCount "65"]
[EventDate "2024.12.14"]
[EventType "swiss"]
[EventCountry "USA"]
[SourceTitle "playchess.com"]
[Source "ChessBase"]
[SourceQuality "1"]
[TimeControl "900+10"]

1. e4 e5 2. Nf3 Nc6 3. Bc4 Bc5 4. d3 h6 5. Nc3 Nf6 6. O-O O-O 7. h3 d6 8. Na4 Bb6 9. a3 Be6 10. Bxe6 fxe6 11. b4 (11. Bd2 Ne7 12. b4 Ng6 13. Nxb6 axb6 14. a4) 11... Qe8 (11... Nd4 12. Nxd4 exd4 13. Nxb6 axb6 14. Bb2 e5) 12. c3 Qg6 (12... Ne7 13. Nxb6 axb6 14. a4 Ng6) 13. Ra2 Nh5 14. Kh2 (14. Nxb6 {simplifies} axb6 15. a4 Qe8 16. Re1) 14... Nf4 15. g3 Nh5 16. Nxb6 axb6 17. Be3 b5 18. Nh4 Qf7 19. a4 g5 20. Ng2 Nf6 21. a5 Kh7 22. f4 exf4 23. gxf4 e5 (23... Qh5 $14) 24. fxg5 $1 $16 Qxa2 25. gxf6 {[%emt 0:00:17] White threatens Qh5 and mate.} (25. Rxf6 Rxf6 26. gxf6 Rf8 $17) 25... Qe6 26. Qf3 Rf7 {[%emt 0:00:43] [#]} 27. Bxh6 $1 Kxh6 {[%emt 0:00:51] [#]} 28. Ne3 $1 $40 {[%emt 0:00:07][%mdl 128] White goes for the king.} Ne7 {[%emt 0:00:37] [#] Strongly threatening ...Rg8.} 29. Qg3 $1 {[%emt 0:01:42][%mdl 1024] White has strong compensation. White is more active.} Ng6 {[%emt 0:00:27][%cal Oh6h7] Repels Qh4+} (29... Rxf6 $2 30. Rxf6+ Qxf6 31. Ng4+ Kg7 32. Nxf6+ Kxf6 33. Qf3+ Kg7 34. Qg4+ Ng6 35. Qd7+ Kh6 36. Qxc7 $18 (36. Qxb5 Rg8 $18)) 30. Nf5+ $2 {[%emt 0:01:06] Dancing on a razor blade.} (30. Nd5 $16 {Threatens to win with Rf5.} Raf8 31. Qe3+ Kh7 32. Qg5) 30... Kh7 $15 31. Qg5 Rh8 $2 (31... Kh8 $15 32. Qxg6 Qxf6) 32. Rg1 $2 (32. Qh6+ {mates} Kg8 33. Ne7+ (33. Qxg6+ Kf8 $16) 33... Qxe7 34. Qxg6+ (34. fxe7 Rxh6 35. e8=Q+ Rf8 $18) 34... Rg7 35. fxe7 Rxg6 36. Rf8+ (36. e8=R+ Kg7 $18) (36. e8=Q+ Kh7 $18) 36... Kg7 37. Rxh8 (37. e8=R $2 {too greedy.} Rxf8 38. Re7+ Kf6 $19) 37... Kxh8 38. e8=Q+ (38. e8=R+ Rg8 $18) 38... Rg8 39. Qxb5 (39. Qh5+ Kg7 $18)) 32... Kg8 $18 ({Stronger than} 32... Rxf6 33. Qh6+ Kg8 34. Qg7#) (32... Qa2+ 33. Kh1 (33. Rg2 Qxg2+ 34. Kxg2 Nf4+ 35. Kf3 Nxh3 $18) 33... Kg8 34. Qxg6+ Kf8 35. Nh6 $18) 33. Ne7+ 1-0

[Event "FIDE Open World Rapid 2024"]
[Site "New York"]
[Date "2024.12.27"]
[Round "8.11"]
[White "Dudin, Gleb"]
[Black "Safarli, Eltaj"]
[Result "0-1"]
[ECO "E48"]
[WhiteElo "2506"]
[BlackElo "2610"]
[Annotator "ChessBase"]
[PlyCount "72"]
[EventDate "2024.12.14"]
[EventType "swiss"]
[EventCountry "USA"]
[SourceTitle "playchess.com"]
[Source "ChessBase"]
[SourceQuality "1"]
[TimeControl "900+10"]

1. d4 Nf6 2. c4 e6 3. Nc3 Bb4 4. e3 O-O 5. Bd3 d5 6. a3 dxc4 7. Bxc4 Be7 8. Qe2 a6 9. Nf3 c5 10. dxc5 Bxc5 11. e4 b5 12. Bd3 e5 13. Nxe5 Re8 14. Nf3 Nc6 15. Be3 Bxe3 16. Qxe3 Ng4 17. Qe2 Nge5 18. Nxe5 Nxe5 19. Rd1 Bg4 20. f3 Be6 21. Bxb5 Qh4+ 22. g3 Qf6 23. f4 axb5 24. fxe5 Qxe5 25. Qxb5 Qc7 26. Qe2 Rab8 27. Rd2 Bh3 28. Kf2 Qb6+ 29. Qe3 Qf6+ 30. Qf4 Qb6+ 31. Qe3 Qf6+ 32. Qf4 Qb6+ 33. Kf3 f5 34. exf5 Qc6+ 35. Rd5 Rxb2 36. Rc1 Bg2+ 0-1

[Event "FIDE Open World Rapid 2024"]
[Site "New York"]
[Date "2024.12.27"]
[Round "8.12"]
[White "Mamedyarov, Shakhriyar"]
[Black "Sadhwani, Raunak"]
[Result "1/2-1/2"]
[ECO "D00"]
[WhiteElo "2738"]
[BlackElo "2673"]
[Annotator "TA"]
[PlyCount "31"]
[EventDate "2024.12.14"]
[EventType "swiss"]
[EventCountry "USA"]
[SourceTitle "playchess.com"]
[Source "ChessBase"]
[SourceQuality "1"]
[TimeControl "900+10"]

1. d4 Nf6 2. Bg5 d5 3. e3 c5 4. Bxf6 gxf6 5. dxc5 e6 6. Nf3 Bxc5 7. Be2 O-O 8. O-O Be7 9. c4 dxc4 10. Qc2 Qc7 11. Nbd2 Bd7 12. Rfc1 Rc8 13. Nxc4 b5 14. Na3 $1 Qxc2 15. Rxc2 Rxc2 16. Nxc2 1/2-1/2

[Event "FIDE Open World Rapid 2024"]
[Site "New York"]
[Date "2024.12.28"]
[Round "8.12"]
[White "Barbosa, Oliver"]
[Black "Druska, Juraj"]
[Result "1-0"]
[ECO "E12"]
[WhiteElo "2451"]
[BlackElo "2423"]
[Annotator "ChessBase"]
[PlyCount "99"]
[EventDate "2024.12.14"]
[EventType "swiss"]
[EventCountry "USA"]
[SourceTitle "playchess.com"]
[Source "ChessBase"]
[SourceQuality "1"]
[TimeControl "900+10"]

1. d4 Nf6 2. c4 b6 3. Nf3 Bb7 4. Nc3 e6 5. a3 Ne4 6. Bd2 Be7 7. d5 Nxd2 8. Qxd2 O-O 9. e4 d6 10. Bd3 Nd7 11. O-O Bf6 12. Bc2 a5 13. Rab1 Re8 14. Ba4 Re7 15. Nd4 Bxd4 16. Qxd4 Nc5 17. Bb5 a4 18. Rfe1 Ba6 19. dxe6 Nxe6 20. Qd2 Bxb5 21. cxb5 Nc5 22. Rbd1 Qd7 23. f3 Re6 24. Qd5 Rae8 25. Qc6 Qxc6 26. bxc6 Ra8 27. Nd5 Ra7 28. e5 Kf8 29. exd6 Rxd6 30. Nc3 Rxd1 31. Rxd1 Ne6 32. Rd5 Ra5 33. Rxa5 bxa5 34. Kf2 Ke7 35. Nb5 Nf4 36. g3 Nd3+ 37. Ke3 Ne5 38. Ke4 Nxc6 39. Kd5 Kd7 40. Nc3 Ne7+ 41. Kc5 c6 42. Kb6 Nf5 43. Kxa5 Nd4 44. f4 h5 45. Kxa4 c5 46. b4 Kc6 47. Ka5 Nc2 48. b5+ Kb7 49. Ne4 c4 50. Nd6+ 1-0

[Event "FIDE Open World Rapid 2024"]
[Site "New York"]
[Date "2024.12.27"]
[Round "8.13"]
[White "Yu, Yangyi"]
[Black "Lazavik, Denis"]
[Result "1/2-1/2"]
[ECO "A22"]
[WhiteElo "2724"]
[BlackElo "2578"]
[Annotator "TA"]
[PlyCount "221"]
[EventDate "2024.12.14"]
[EventType "swiss"]
[EventCountry "USA"]
[SourceTitle "playchess.com"]
[Source "ChessBase"]
[SourceQuality "1"]
[TimeControl "900+10"]

1. c4 Nf6 2. Nc3 e5 3. e3 Bb4 4. Nd5 Nxd5 5. cxd5 O-O 6. Bd3 d6 7. a3 Bc5 8. b4 Bb6 9. Ne2 Nd7 10. O-O Nf6 11. Nc3 c6 12. dxc6 bxc6 13. Bb2 a5 14. Qc2 Ba6 15. Bxa6 Rxa6 16. h3 Qd7 17. Rfc1 axb4 18. axb4 Rxa1 19. Bxa1 Ra8 20. Bb2 h6 21. Ne4 Nxe4 22. Qxe4 Rc8 23. Qd3 {[%emt 0:01:04] With the idea Bxe5.} Rd8 24. Qe4 c5 25. bxc5 Bxc5 26. d4 exd4 27. Bxd4 Re8 28. Qd3 Bxd4 29. Qxd4 $11 {[%emt 0:00:01][%mdl 4096] Endgame. KQR-KQR} g6 30. Rd1 Re6 31. Rb1 Re8 {[%emt 0:00:25] Inhibits Rb8.} 32. Rb6 d5 33. Qf4 Qa7 34. Rb1 h5 35. Rd1 Qd7 36. Qg5 Qd8 37. Qf4 {[%emt 0:01:01] White is more active.} (37. Qxd5 $16 Qxd5 38. Rxd5) 37... Qb8 (37... Qd7 $1 $11) 38. Qf3 ({Reject} 38. Rxd5 Qxf4 39. exf4 Re1+ 40. Kh2 Rf1 $11) 38... Rd8 39. Rxd5 Qb1+ 40. Kh2 Qb8+ 41. g3 Rxd5 42. Qxd5 $14 {[%emt 0:00:01] KQ-KQ} h4 43. Qg5 hxg3+ 44. Qxg3 Qb5 45. h4 Qf5 46. Qb8+ Kg7 47. Kg3 Qd5 48. Qb2+ Kg8 49. Qb8+ Kg7 50. Qf4 {[%emt 0:00:15] [#] Hoping for Qd4+.} Qh1 51. Qe5+ Kg8 52. Qd4 Qg1+ 53. Kf3 Qh1+ 54. Ke2 Qg2 55. Qd8+ Kg7 56. Qg5 Qh1 57. Qe5+ Kg8 58. Qf4 Kg7 59. Qg5 Kg8 60. Qf4 Kg7 61. e4 Qh3 62. Qe5+ Kg8 63. Qg3 Qe6 64. Kf3 Qb3+ 65. Kg2 Qc4 66. Qb8+ Kh7 67. Qe5 Qe2 68. Qf4 Kg7 69. e5 Kg8 70. Qd4 Qe1 71. Qd8+ Kg7 72. Qf6+ Kg8 73. Qd8+ Kg7 74. Qd4 Kg8 75. Qf4 Kg7 {[%emt 0:00:13] [#]} 76. h5 $1 gxh5 77. Qg5+ Kf8 78. Qd8+ Kg7 79. Qg5+ Kf8 80. Qxh5 Qe4+ 81. Kg3 Qe1 82. Qh6+ Ke7 83. Qf6+ Ke8 84. Qc6+ Ke7 85. Qc5+ Ke8 86. Kf4 Qd2+ 87. Qe3 Qc2 88. Qd4 Qc1+ 89. Kf5 Qc2+ 90. Kf4 Qc1+ 91. Kf3 Qh1+ 92. Ke2 Qb1 93. Qa4+ Ke7 94. Qa3+ Ke8 95. Qa8+ Ke7 96. Qd5 Qc2+ 97. Ke3 Qc1+ 98. Ke2 (98. Qd2 {simplifies} Qxd2+ 99. Kxd2 Ke6 100. f4) 98... Qc2+ 99. Kf3 Qf5+ 100. Ke3 Qg5+ 101. Ke2 Qg4+ 102. Kf1 Qh3+ 103. Ke1 Qc3+ 104. Kd1 Qb2 105. Qc5+ (105. Qd6+ $14 Ke8 106. Qc5) 105... Ke6 $1 $11 {[%emt 0:00:46] The position is equal.} 106. Qc4+ Kxe5 107. Qxf7 {[%emt 0:00:09] Intending Qg7+ and mate.} Qd4+ 108. Ke2 {[%emt 0:00:04] Qg7+ is the strong threat.} Qe4+ 109. Kf1 Qh1+ 110. Ke2 Qe4+ 111. Kf1 {[%emt 0:00:02] Weighted Error Value: White=0.08 (flawless) /Black=0.08 (flawless) .  Mistake:       	White=2     	Black=1      Inaccurate:     	White=7     	Black=3      OK:         	White=39    	Black=64     Best:        	White=1     	Black=3      Strong:       	---       	Black=1} 1/2-1/2

[Event "FIDE Open World Rapid 2024"]
[Site "New York"]
[Date "2024.12.28"]
[Round "8.13"]
[White "Fressinet, Laurent"]
[Black "Batsuren, Dambasuren"]
[Result "1-0"]
[ECO "B10"]
[WhiteElo "2588"]
[BlackElo "2531"]
[Annotator "ChessBase"]
[PlyCount "133"]
[EventDate "2024.12.14"]
[EventType "swiss"]
[EventCountry "USA"]
[SourceTitle "playchess.com"]
[Source "ChessBase"]
[SourceQuality "1"]
[TimeControl "900+10"]

1. e4 c6 2. Nf3 d5 3. e5 c5 4. c4 d4 5. g3 Nc6 6. Bg2 g6 7. d3 Bg7 8. Bf4 h6 9. h4 Bg4 10. Qb3 Qb6 11. Nbd2 Bf5 12. a3 Qxb3 13. Nxb3 Bxd3 14. Nxc5 Bxc4 15. Nd2 Be6 16. Nxe6 fxe6 17. Bxc6+ bxc6 18. g4 g5 19. Bg3 O-O-O 20. h5 Rd5 21. Nc4 Nf6 22. exf6 exf6 23. Kd2 Kd7 24. Rhe1 Rb5 25. b4 Bf8 26. Kd3 c5 27. Reb1 Kc6 28. bxc5 Rxb1 29. Rxb1 Bxc5 30. f3 Rf8 31. Na5+ Kd5 32. Rb7 e5 33. Rd7+ Ke6 34. Rh7 Rc8 35. Rxh6 Bf8 36. Rh8 Rc3+ 37. Ke2 Kf7 38. Be1 Re3+ 39. Kf2 Kg7 40. Rxf8 Kxf8 41. Bd2 Rd3 42. Ke2 e4 43. fxe4 Rg3 44. Nc6 Rxg4 45. Kd3 Rh4 46. Nxa7 Rxh5 47. Nc6 g4 48. Nxd4 g3 49. Ne2 g2 50. Ke3 Rh2 51. a4 Ke8 52. a5 Kd7 53. Bc3 Rh3+ 54. Kf2 Rh4 55. Ng3 Kc6 56. Kxg2 Rf4 57. Bd2 Rh4 58. Kf3 Kb5 59. Bc3 Rh6 60. Kg4 Kc4 61. Bd2 Rg6+ 62. Kf4 Kd3 63. Be3 Rg8 64. a6 Kc4 65. a7 Kb5 66. Nh5 Rf8 67. Kf5 1-0

[Event "FIDE Open World Rapid 2024"]
[Site "New York"]
[Date "2024.12.27"]
[Round "8.14"]
[White "Nepomniachtchi, Ian"]
[Black "Isanzhulov, Arystan"]
[Result "1-0"]
[ECO "B01"]
[WhiteElo "2755"]
[BlackElo "2395"]
[Annotator "TA"]
[PlyCount "71"]
[EventDate "2024.12.14"]
[EventType "swiss"]
[EventCountry "USA"]
[SourceTitle "playchess.com"]
[Source "ChessBase"]
[SourceQuality "1"]
[TimeControl "900+10"]

1. e4 d5 2. exd5 Qxd5 3. Nc3 Qd8 4. d4 Nf6 5. Nf3 g6 6. Bg5 Bg7 7. Qd2 O-O 8. Bh6 Bg4 9. Bxg7 Kxg7 10. Ne5 Qd6 11. f3 {[%emt 0:03:46] White is more active.} (11. h4 $16) 11... Be6 $14 12. h4 h5 (12... Nbd7 $11) 13. O-O-O $16 a6 14. g4 Nc6 15. g5 Nd5 16. Ne4 Qb4 {[%emt 0:00:01] [#]} 17. Nxc6 $1 bxc6 18. Nc5 Bf5 {[%emt 0:02:03] [#]} (18... Qxd2+ $16 {might work better.} 19. Rxd2 a5) 19. Qxb4 $1 $18 (19. Bxa6 Rfb8 20. Qxb4 Nxb4 $19) 19... Nxb4 20. c3 Nxa2+ 21. Kd2 Rab8 22. b3 {[%emt 0:00:04][%cal Od1a1] and Ra1! should not be overlooked} Rfd8 (22... Rfe8 $142 23. Ra1 (23. Nxa6 Rxb3 24. Bc4 Rb2+ 25. Ke3 Nxc3 $17) (23. Bxa6 e5 $18) 23... Nxc3) 23. Ra1 (23. Nxa6 $2 {is the wrong capture.} Rxb3 24. Bc4 Rxc3 (24... Rb2+ $2 25. Ke3 $19) 25. Bxa2 Ra3 $19 (25... Rxf3 $2 26. Bb1 $19) (25... Rc2+ $2 26. Ke3 $19)) (23. Bxa6 Rd5 $18) 23... Nb4 24. cxb4 Rxd4+ 25. Ke3 Rbd8 26. Bc4 ({Don't take} 26. Bxa6 Rd2 27. Bc4 Rc2 $18) (26. Rxa6 Rd1 27. Rxc6 Ra8 $18) (26. Nxa6 e5 27. Nc5 (27. Nxc7 Bc2 $18) 27... Rd2 $18) 26... Rd2 27. Rxa6 Rc2 28. Rxc6 Rc3+ 29. Kf2 Rd2+ 30. Kg3 Rcc2 31. Kf4 Rc3 32. Rxc7 Rd4+ 33. Ne4 Bxe4 34. fxe4 e6 35. Ke5 Rd2 36. Rf1 1-0

[Event "FIDE Open World Rapid 2024"]
[Site "New York"]
[Date "2024.12.28"]
[Round "8.14"]
[White "Hovhannisyan, Robert"]
[Black "Saraci, Nderim"]
[Result "1/2-1/2"]
[ECO "E14"]
[WhiteElo "2626"]
[BlackElo "2431"]
[Annotator "ChessBase"]
[PlyCount "113"]
[EventDate "2024.12.14"]
[EventType "swiss"]
[EventCountry "USA"]
[SourceTitle "playchess.com"]
[Source "ChessBase"]
[SourceQuality "1"]
[TimeControl "900+10"]

1. Nf3 d5 2. e3 Nf6 3. c4 e6 4. Nc3 Bd6 5. d4 b6 6. b3 O-O 7. Bb2 Bb7 8. Bd3 Nbd7 9. O-O c5 10. cxd5 Nxd5 11. Nxd5 Bxd5 12. e4 Bb7 13. d5 exd5 14. exd5 Nf6 15. Qc2 Bxd5 16. Bxf6 Qxf6 17. Bxh7+ Kh8 18. Be4 Bxe4 19. Qxe4 Rfe8 20. Qa4 Qf4 21. Qd7 Re7 22. Qc6 Rd8 23. Rad1 Rc7 24. Qd5 Be7 25. Qh5+ Kg8 26. Rxd8+ Bxd8 27. g3 Qd6 28. Ne5 Bf6 29. Rd1 Qe7 30. Nf3 b5 31. Qd5 Rc8 32. Rc1 a6 33. Kg2 Qc7 34. Rc2 Qc6 35. Qxc6 Rxc6 36. Ne1 Kf8 37. Nd3 Bd4 38. h4 Ke7 39. Kf3 Rf6+ 40. Ke2 Re6+ 41. Kd1 Kd6 42. Re2 c4 43. bxc4 bxc4 44. Nb4 Rf6 45. f4 Kc5 46. Nc2 Rb6 47. Re8 Rb1+ 48. Ke2 Bf6 49. Rc8+ Kd6 50. Rxc4 Rb2 51. a3 Kd5 52. Rc8 Ke4 53. Rc4+ Kd5 54. Rc7 Ke4 55. Rc4+ Kd5 56. Rc7 Ke4 57. Rc4+ 1/2-1/2

[Event "FIDE Open World Rapid 2024"]
[Site "New York"]
[Date "2024.12.27"]
[Round "8.15"]
[White "So, Wesley"]
[Black "Durarbayli, Vasif"]
[Result "1/2-1/2"]
[ECO "D46"]
[WhiteElo "2747"]
[BlackElo "2622"]
[Annotator "TA"]
[PlyCount "85"]
[EventDate "2024.12.14"]
[EventType "swiss"]
[EventCountry "USA"]
[SourceTitle "playchess.com"]
[Source "ChessBase"]
[SourceQuality "1"]
[TimeControl "900+10"]

1. d4 d5 2. c4 c6 3. Nc3 Nf6 4. Nf3 e6 5. e3 Nbd7 6. Qc2 Bd6 7. Bd3 dxc4 8. Bxc4 b5 9. Be2 O-O 10. O-O Be7 (10... a6 $11) 11. Rd1 (11. a3 $14) 11... Bb7 $11 12. b3 Qb8 13. Bb2 Rc8 {[%emt 0:01:35] [#]} 14. Ne5 $1 b4 15. Nxd7 Nxd7 16. Na4 c5 17. Qd2 Bc6 18. Nxc5 Nxc5 19. dxc5 Qb7 {[%emt 0:01:04] [#] Prevents Ba6} 20. f3 ({White should try} 20. Rac1 $1 $16) 20... Bxc5 {[%emt 0:00:55] The position is equal.} 21. Rac1 Bf8 22. Bd4 a5 23. Bc5 Bb5 24. Bxf8 Rxf8 25. Bxb5 Qxb5 26. Qd3 Qg5 27. f4 Qh5 28. h3 h6 29. Kh2 Qh4 30. Qe4 Rac8 31. Rxc8 Rxc8 {[%emt 0:00:01][%mdl 4096] Endgame. KQR-KQR} 32. Qb7 Rd8 33. Rd7 Rxd7 34. Qxd7 {[%emt 0:00:03] KQ-KQ} Qh5 35. e4 Qe2 36. e5 Qxa2 37. Qe8+ $1 Kh7 38. Qxf7 Qxb3 {[%emt 0:00:57] Hoping for ...Qc4.} 39. f5 {[%emt 0:00:03] Threatening mate with f6.} Qd5 40. Qg6+ Kg8 41. Qe8+ Kh7 42. Qg6+ Kg8 43. Qe8+ {[%emt 0:00:13] Weighted Error Value: White=0.06 (flawless) /Black=0.05 (flawless) .  Mistake:       	White=2     	---        OK:         	White=15    	Black=13     Best:        	White=5     	---        Strong:       	White=1     	---} 1/2-1/2

[Event "FIDE Open World Rapid 2024"]
[Site "New York"]
[Date "2024.12.28"]
[Round "8.15"]
[White "Tang, Andrew"]
[Black "Bezold, Michael"]
[Result "1/2-1/2"]
[ECO "E81"]
[WhiteElo "2527"]
[BlackElo "2469"]
[Annotator "ChessBase"]
[PlyCount "151"]
[EventDate "2024.12.14"]
[EventType "swiss"]
[EventCountry "USA"]
[SourceTitle "playchess.com"]
[Source "ChessBase"]
[SourceQuality "1"]
[TimeControl "900+10"]

1. d4 g6 2. c4 Bg7 3. e4 d6 4. Nc3 Nf6 5. Nge2 O-O 6. f3 c6 7. Be3 a6 8. c5 b5 9. cxd6 exd6 10. Nf4 Re8 11. Qd2 Nbd7 12. Be2 Bb7 13. O-O Rc8 14. Rfd1 Qe7 15. Rac1 Nb6 16. b3 Nbd5 17. Bf2 Nxf4 18. Qxf4 Nd7 19. Qd2 h6 20. Bf1 Kh7 21. Ne2 Nf8 22. Nf4 Ne6 23. Nxe6 Qxe6 24. Bd3 Qe7 25. b4 Qd8 26. a4 Qe7 27. Bc2 Rb8 28. Bb3 Rbc8 29. Qa2 Rf8 30. Rc2 Rc7 31. Rdc1 Rfc8 32. h3 Bf6 33. Rd1 Bg7 34. Bg3 Kg8 35. Kh2 Rd7 36. Qb1 Kh7 37. Qc1 Rdd8 38. d5 bxa4 39. Ba2 cxd5 40. Bxd5 Rxc2 41. Qxc2 Bxd5 42. Rxd5 a3 43. Ra5 Bb2 44. Qc4 Qe6 45. Qxa6 d5 46. Qxe6 fxe6 47. exd5 Rxd5 48. b5 Rxb5 49. Rxb5 a2 50. Rxb2 a1=Q 51. Be5 Qe1 52. Rb7+ Kg8 53. Bf6 Qe3 54. Rb4 g5 55. Re4 Qd2 56. Be5 Kf7 57. Bg3 Qd3 58. h4 gxh4 59. Rxh4 Kg6 60. Rg4+ Kf7 61. Bf4 h5 62. Rg5 Qh7 63. Kh3 Ke8 64. Kh4 Qc2 65. Kxh5 Qh7+ 66. Kg4 Qh1 67. g3 Kf7 68. Be5 Qd1 69. Rg7+ Ke8 70. Rg6 Kf7 71. Rf6+ Ke7 72. Kg5 Qe1 73. Kf4 Qb4+ 74. Kg5 Qe1 75. Kf4 Qb4+ 76. Kg5 1/2-1/2